Map: Blueshift LE

Players

AtomicFather - Winner!

  • Race: Terran Terran
  • League: Diamond
  • Spawn Location: 7:00

Young

  • Race: Protoss Protoss
  • League: Diamond
  • Spawn Location: 1:00

VOD

Have the link to the VOD?

Description

Time

  • Played on: Dec. 13, 2018, 8:26 p.m.
  • Length: 13:09
Show
View Real Time Build Order
Export as new Build Order

AtomicFather Terran - Winner!

Build Orders: Mech 

Get SALT Encoding   

  12  0:01  SCV  
  13  0:13  SCV  
  14  0:19  Supply Depot  
  14  0:25  SCV  
  15  0:41  SCV, Barracks  
  16  0:53  SCV  
  17  1:05  SCV  
  18  1:17  SCV  
  19  1:26  Command Center  
  19  1:32  Orbital Command, Marine  
  19  1:37  Bunker  
  20  1:42  Refinery  
  20  1:53  Supply Depot  
  20  1:58  Refinery, SCV  
  21  2:10  SCV  
  21  2:12  Marine  
  23  2:22  SCV  
  24  2:31  Marine  
  24  2:33  Factory  
  24  2:34  SCV  
  26  2:40  Orbital Command  
  26  2:46  SCV  
  26  2:50  Marine  
  28  2:59  SCV  
  29  3:06  SCV  
  29  3:11  SCV  
  31  3:18  SCV  
  32  3:22  Refinery x2  
  32  3:23  SCV  
  33  3:30  SCV, Starport  
  33  3:32  Starport  
  34  3:55  SCV  
  35  3:56  SCV  
  35  3:59  Factory Tech Lab  
  36  4:07  SCV  
  36  4:08  SCV  
  38  4:10  Starport Tech Lab x2  
  38  4:12  Fusion Core  
  38  4:15  Marine  
  39  4:19  SCV  
  39  4:20  SCV  
  39  4:23  Supply Depot  
  41  4:26  Command Center  
  41  4:31  SCV  
  41  4:32  SCV  
  43  4:41  Engineering Bay  
  43  4:43  SCV  
  43  4:44  SCV  
  45  4:48  Supply Depot  
  45  4:54  Supply Depot  
  45  4:55  SCV  
  45  4:56  SCV  
  47  5:03  Battlecruiser  
  53  5:09  Weapon Refit  
  53  5:12  Missile Turret  
  53  5:14  Missile Turret  
  53  5:16  SCV x2  
  55  5:28  Battlecruiser  
  61  5:31  SCV x2  
  63  5:37  Orbital Command  
  63  5:47  SCV x2  
  65  5:59  SCV x2  
  65  6:02  Factory  
  65  6:03  Factory, Siege Tank  
  70  6:09  Armory  
  70  6:30  SCV  
  70  6:31  SCV  
  72  6:58  Battlecruiser x2  
  72  7:04  Factory Tech Lab x2  
  72  7:11  Barracks Tech Lab  
  72  7:12  Barracks x2  
  72  7:14  Barracks  
  72  7:15  Terran Infantry Weapons Level 1  
  72  7:16  Terran Vehicle Weapons Level 1  
  72  7:17  Barracks  
  72  7:22  Orbital Command  
  72  7:30  Cyclone  
  72  7:31  Cyclone  
  72  7:37  Refinery x2, Marauder  
  80  7:38  Stimpack  
  80  7:40  SCV x2  
  82  7:49  Supply Depot  
  82  7:54  Supply Depot  
  82  7:55  Supply Depot x2  
  82  7:56  Supply Depot  
  79  8:03  Barracks Reactor x3, Barracks Tech Lab  
  73  8:09  Orbital Command  
  72  8:15  SCV x2  
  74  8:27  SCV  
  75  8:37  Siege Tank x3  
  75  8:39  SCV x3  
  81  8:51  SCV x2  
  81  8:52  SCV  
  78  9:03  SCV x2  
  78  9:04  SCV  
  78  9:09  Siege Tank x3  
  90  9:10  Marine  
  90  9:11  Marine x5, Marauder x2  
  90  9:16  Supply Depot x2  
  100  9:17  Supply Depot  
  100  9:18  Terran Infantry Armor Level 1  
  100  9:19  Supply Depot  
  100  9:28  Marine x2  
  100  9:29  Marine x4  
  106  9:32  Supply Depot x2, Marauder x2  
  106  9:33  Supply Depot  
  106  9:34  SCV x2, Supply Depot  
  94  9:46  Marine x3  
  94  9:47  Marine x2  
  93  9:52  Orbital Command  
  93  9:53  Marauder  
  93  9:54  Marauder  
  89  10:00  Siege Tank x3  
  89  10:01  Marine  
  89  10:04  Marine x4  
  89  10:05  Marine  
  102  10:15  Marauder x2  
  102  10:17  Medivac x2  
  102  10:21  Terran Vehicle Weapons Level 2  
  110  10:24  Marine x4  
  110  10:25  Marine  
  116  10:31  Supply Depot x2  
  116  10:37  Factory Tech Lab  
  116  10:49  Marine x2, Marauder x2  
  121  10:50  Barracks Reactor  
  121  10:57  Missile Turret  
  121  10:58  Missile Turret  
  121  10:59  Missile Turret  
  121  11:05  Missile Turret  
  121  11:12  Medivac x2  
  125  11:24  Marine, Marauder x2  
  125  11:25  Marine  
  107  12:06  Marine, Marauder  
  107  12:07  Marine x5, Marauder  
  99  12:28  Marauder  
  100  12:37  Marine x5, Marauder  
Show
View Real Time Build Order
Export as new Build Order

Young Protoss 

Build Orders: 1 Gate Expand, Blink Stalkers 

Get SALT Encoding   

  12  0:01  Probe  
  13  0:13  Probe  
  14  0:18  Pylon  
  14  0:25  Probe  
  15  0:33  Probe  
  15  0:37  Gateway  
  15  0:42  Probe  
  16  0:47  Assimilator  
  17  0:52  Probe  
  18  1:04  Probe  
  19  1:16  Probe  
  20  1:26  Nexus  
  20  1:38  Probe  
  20  1:39  Assimilator  
  21  1:43  Cybernetics Core  
  21  1:48  Assimilator  
  21  1:50  Probe  
  22  1:55  Pylon  
  22  2:02  Probe  
  23  2:10  Adept  
  23  2:14  Probe  
  24  2:20  Warp Gate  
  26  2:26  Probe  
  27  2:37  Twilight Council  
  27  2:38  Probe  
  27  2:41  Probe  
  27  2:42  Robotics Facility  
  28  2:46  Probe  
  28  2:50  Probe  
  30  2:54  Probe  
  34  2:58  Sentry  
  34  2:59  Probe  
  34  3:05  Probe  
  35  3:11  Probe  
  37  3:17  Probe  
  37  3:18  Pylon  
  38  3:23  Probe, Blink  
  39  3:29  Probe  
  40  3:35  Probe  
  41  3:44  Observer  
  41  3:48  Probe  
  41  3:49  Probe  
  44  3:55  Gateway  
  44  3:58  Gateway  
  44  4:02  Pylon  
  44  4:05  Probe  
  44  4:06  Pylon, Probe  
  44  4:08  Assimilator  
  44  4:09  Immortal  
  46  4:11  Pylon  
  46  4:12  Assimilator  
  46  4:13  Pylon  
  50  4:17  Probe  
  50  4:21  Probe  
  52  4:26  Stalker  
  52  4:29  Probe  
  55  4:34  Forge  
  55  4:43  Pylon  
  55  4:46  Observer  
  55  4:49  Probe  
  57  4:55  Stalker x3  
  57  4:56  Probe  
  64  5:13  Nexus  
  64  5:14  Probe  
  64  5:15  Protoss Ground Weapons Level 1  
  64  5:18  Robotics Bay  
  65  5:23  Probe  
  65  5:26  Probe  
  67  5:29  Pylon  
  67  5:33  Pylon  
  67  5:35  Charge  
  67  5:36  Probe  
  67  5:38  Probe  
  69  5:43  Photon Cannon  
  69  5:45  Shield Battery  
  69  5:49  Photon Cannon  
  69  5:52  Probe  
  69  5:53  Stalker  
  72  6:03  Photon Cannon  
  72  6:09  Stalker x2  
  76  6:22  Pylon  
  76  6:25  Photon Cannon, Pylon  
  76  6:33  Gateway  
  76  6:35  Gateway  
  76  6:39  Stalker x3  
  74  6:59  Gateway  
  72  7:04  Gateway  
  72  7:09  Forge  
  72  7:13  Templar Archives, Warp Prism  
  74  7:18  Probe  
  74  7:20  Probe  
  76  7:30  Adept x4  
  84  7:40  Photon Cannon  
  84  7:42  Probe  
  84  7:43  Photon Cannon  
  85  7:48  Probe  
  85  7:49  Immortal  
  90  8:11  Stalker  
  90  8:12  Stalker x5  
  92  8:33  Stalker  
  94  8:36  Stalker  
  94  8:38  Stalker x3  
  94  8:40  Protoss Ground Weapons Level 2  
  98  8:45  Protoss Ground Armor Level 1  
  98  8:49  Stalker x2  
  100  9:01  Stalker x3  
  106  9:15  High Templar x2  
  110  9:18  Pylon  
  110  9:21  Pylon  
  110  9:23  Assimilator  
  109  9:25  Assimilator, Archon  
  83  9:54  Stalker  
  83  9:55  Stalker x6  
  87  10:20  Zealot  
  87  10:21  Zealot x5  
  95  10:22  Zealot  
  95  10:52  Stalker x7  
  95  10:54  Probe x2  
  95  10:55  Probe  
  112  11:06  Probe  
  112  11:08  Probe  
  114  11:37  Zealot x5  
  114  11:38  Zealot x2  
  125  11:59  Zealot x7  
  69  12:21  High Templar x4  
  69  12:22  High Templar  
  78  12:23  High Templar x2  
  78  12:26  Archon  
  78  12:27  Archon x2  
  65  12:54  Zealot x4  
  65  12:55  Zealot x3  
Tags
 
Add a new tag
Caveats
  • Supply blocks, unpowered buildings, or Contaminate may cause inaccurate times.
  • Supply counts are checked every 10 seconds.